 Dungeon Crawl Stone Soup version 0.19.5 (webtiles) character file.

294 Mark333 the Shield-Bearer (level 6, -1/52 HPs)
             Began as a Hill Orc Fighter on Oct 26, 2018.
             Killed by divine providence
             ... invoked by an orc priest
              (9 damage)
             ... on level 4 of the Dungeon.
             The game lasted 00:34:33 (2212 turns).

Mark333 the Shield-Bearer (Hill Orc Fighter)        Turns: 2212, Time: 00:34:34

Health: -1/52      AC:  8    Str: 18 (19) XL:     6   Next: 33%
Magic:  6/6        EV:  8    Int:  6 (8)  God:
Gold:   158        SH:  9    Dex: 11 (12) Spells: 0 memorised, 5 levels left

rFire  . . .     SeeInvis .     q - +0 spear
rCold  . . .     Gourm    .     b - +1 scale mail
rNeg   + . .     Faith    .     c - +0 shield
rPois  .         Spirit   .     (no helmet)
rElec  .         Reflect  .     (no cloak)
rCorr  .         Harm     +     (no gloves)
MR     .....                    (no boots)
Stlth  ..........               o - amulet of harm
                                n - ring of flight
                                w - ring of positive energy

@: no status effects
A: no striking features
a: Convert to Beogh, Evoke Flight


You were on level 4 of the Dungeon.
You were hungry.

You visited 1 branch of the dungeon, and saw 4 of its levels.

You collected 158 gold pieces.

Inventory:

Hand Weapons
 a - a +0 trident
 h - a +0 hand axe
 q - a +0 spear (weapon)
Missiles
 i - 38 stones (quivered)
Armour
 b - a +1 scale mail (worn)
 c - a +0 shield (worn)
Jewellery
 n - a ring of flight (right hand)
 o - an amulet of harm (around neck)
 p - an uncursed amulet of inaccuracy
 w - a ring of positive energy (left hand)
Scrolls
 j - a scroll of fog
 s - a scroll of identify
 y - 2 scrolls of remove curse
Potions
 d - a potion of might
 e - a potion of flight
 k - a potion of brilliance
 m - a potion of curing
Comestibles
 f - a bread ration
 g - a beef jerky
 t - a fruit


   Skills:
 + Level 4.2 Fighting
 + Level 2.0(3.3) Axes
 + Level 3.4(3.6) Polearms
 + Level 4.7 Armour
 + Level 1.0 Dodging
 + Level 5.1 Shields


You had 5 spell levels left.
You didn't know any spells.

Dungeon Overview and Level Annotations

Branches:
Dungeon (4/15)
 Temple: D:4-7

Altars:
Uskayaw
Zin


Message History

An orc priest comes into view. It is wielding a dagger.
You closely miss the gnoll. The gnoll barely misses you.
The orc priest shouts, "Join the one true god or die!" (press Y on the ability menu to convert to Beogh)
You puncture the gnoll!
The gnoll is heavily wounded.
The gnoll barely misses you. The gnoll hits you with a mace!
There are monsters nearby!
You hit the gnoll.
The gnoll is severely wounded.
The gnoll hits you with a mace.
The orc priest calls down the wrath of Beogh upon you.
Beogh smites you!
* * * LOW HITPOINT WARNING * * *
You hit the gnoll.
The gnoll is almost dead.
The gnoll hits you but does no damage.
The orc priest invokes the aid of Beogh against you.
Beogh smites you!
You die...

.........# .##
.###.....# ..# #
.# #.....# # #.#.#
.# #######
#.##.#.# ##
#......# #.# ##
#o# .# #g#
.############# #@#
.............###.#
.###########.....#
.# ####### .# ##


You could see an orc priest and a gnoll (berserk).

Vanquished Creatures
  A howler monkey (D:4)
  A bullfrog skeleton (D:4)
  A hound (D:4)
  2 orc wizards (D:4)
  A worker ant (D:4)
  A hound skeleton (D:4)
  An adder (D:3)
  2 gnolls (D:4)
  3 dart slugs
  4 leopard geckos
  6 orcs
  A ball python (D:2)
  3 giant cockroaches
  6 goblins
  5 hobgoblins (D:1)
  8 jackals
  4 quokkas
  3 bats
  A frilled lizard (D:2)
  3 kobolds
  3 rats
60 creatures vanquished.

Notes
Turn   | Place    | Note
-------+----------+-------------------------------------------
     0 | D:1      | Mark333 the Hill Orc Fighter began the quest for the Orb.
     0 | D:1      | Reached XP level 1. HP: 19/19 MP: 1/1
   180 | D:1      | Reached XP level 2. HP: 20/27 MP: 2/2
   590 | D:2      | Reached XP level 3. HP: 28/33 MP: 3/3
   637 | D:3      | Found a hide-covered altar of Uskayaw.
  1225 | D:2      | Reached XP level 4. HP: 40/40 MP: 4/4
  1363 | D:2      | Found a glowing silver altar of Zin.
  1735 | D:3      | You fall through a shaft!
  1749 | D:4      | Reached skill level 1 in Axes
  1749 | D:4      | Reached skill level 4 in Shields
  1824 | D:4      | Reached XP level 5. HP: 38/46 MP: 5/5
  1963 | D:4      | Reached skill level 5 in Shields
  1963 | D:4      | Reached XP level 6. HP: 43/52 MP: 6/6
  2206 | D:4      | Reached skill level 1 in Dodging
  2212 | D:4      | Killed from afar by an orc priest

Skill      XL: |  1  2  3  4  5  6 |
---------------+-------------------+-----
Polearms       | 3 |  3.4
Fighting       | 4 |  4.2
Axes           | 1 2 |  2.0
Armour         | 4 |  4.7
Shields        | 4 5 |  5.1
Dodging        | 1 |  1.0

Action                   |  1- 3 |  4- 6 || total
-------------------------+-------+-------++-------
Melee: Trident           |    74 |       ||    74
       Spear             |    33 |   125 ||   158
       Hand axe          |    42 |    54 ||    96
  Use: Scroll            |     3 |     1 ||     4
       Potion            |     1 |     5 ||     6
  Eat: Chunk             |       |     3 ||     3
       Fruit             |       |     1 ||     1
Armor: Scale mail        |    51 |   131 ||   182
Dodge: Dodged            |    52 |    80 ||   132
Block: Shield            |    88 |   135 ||   223
